Map: Thunderbird LE

Players

LuMorY

  • Race: Zerg Zerg
  • Spawn Location: 11:00

Gokhan - Winner!

  • Race: Protoss Protoss
  • League: Diamond
  • Spawn Location: 5:00

VOD

Have the link to the VOD?

Description

Time

  • Played on: Oct. 5, 2019, 2:48 p.m.
  • Length: 12:38
Show
View Real Time Build Order
Export as new Build Order

LuMorY Zerg 

Build Orders: Hatch First 

Get SALT Encoding   

  12  0:01  Drone  
  13  0:12  Overlord  
  13  0:16  Drone  
  14  0:31  Drone x2  
  16  0:50  Drone  
  16  0:51  Hatchery  
  16  0:54  Drone  
  17  0:57  Drone  
  18  1:08  Extractor  
  17  1:12  Spawning Pool  
  17  1:15  Drone  
  17  1:18  Drone  
  18  1:28  Drone  
  19  1:39  Drone  
  20  1:50  Drone  
  21  2:03  Queen x2  
  21  2:04  Zergling x4  
  27  2:12  Metabolic Boost  
  27  2:20  Hatchery  
  26  2:27  Drone x2  
  28  2:30  Overlord  
  28  2:48  Queen x2  
  28  2:49  Overlord  
  32  2:54  Drone  
  32  2:55  Drone  
  32  2:58  Drone  
  35  3:05  Drone  
  36  3:08  Overlord  
  36  3:10  Drone x2  
  38  3:21  Overlord  
  38  3:23  Drone x4  
  38  3:26  Drone  
  43  3:33  Queen  
  45  3:36  Pneumatized Carapace  
  45  3:47  Overlord  
  45  3:49  Zergling x10  
  50  3:59  Zergling x6  
  53  4:08  Zergling x12  
  53  4:09  Zergling x2  
  56  4:34  Overlord, Lair  
  56  4:39  Drone x3, Extractor  
  56  4:42  Drone x3, Extractor  
  56  4:44  Spore Crawler  
  59  4:46  Spore Crawler  
  59  4:49  Drone  
  59  5:00  Overlord  
  59  5:04  Drone x3  
  59  5:05  Overlord  
  62  5:08  Queen x2  
  66  5:26  Drone x2  
  66  5:27  Drone x4  
  70  5:31  Overseer  
  70  5:40  Nydus Network  
  70  5:41  Overlord  
  69  5:43  Zergling x12  
  69  5:44  Zergling x10  
  69  5:49  Queen  
  82  6:00  Zergling x2  
  82  6:01  Zergling x12  
  89  6:20  Nydus Canal  
  89  6:24  Zergling x2  
  89  6:25  Zergling x22  
  101  6:28  Queen  
  103  6:34  Nydus Canal  
  87  6:55  Nydus Canal  
  76  7:01  Queen x2  
  76  7:02  Zergling x2  
  76  7:03  Zergling x22  
  87  7:19  Nydus Canal  
  87  7:21  Zergling x2  
  87  7:22  Zergling x4  
  90  7:23  Queen  
  92  7:36  Zergling x12  
  98  7:37  Queen  
  93  7:45  Nydus Canal  
  70  8:04  Nydus Canal  
  68  8:11  Zergling x4  
  68  8:12  Zergling x24  
  80  8:17  Queen  
  77  8:29  Nydus Canal  
  55  8:50  Roach Warren, Extractor, Zergling x2  
  55  8:51  Zergling x26  
  55  8:54  Nydus Canal  
  64  9:02  Queen  
  60  9:03  Queen  
  60  9:04  Overlord  
  55  9:27  Zergling x2  
  55  9:28  Zergling x16  
  64  9:32  Glial Reconstitution  
  64  9:34  Roach x3  
  70  9:51  Roach  
  70  9:52  Roach x4  
  80  9:59  Evolution Chamber  
  79  10:05  Overlord  
  79  10:06  Roach  
  87  10:07  Roach x4  
  89  10:15  Roach  
  89  10:16  Roach x3  
  97  10:25  Zerg Missile Weapons Level 1  
  97  10:27  Drone x3  
  97  10:28  Drone x4  
  104  10:48  Hatchery, Roach  
  80  11:07  Hydralisk Den  
  80  11:11  Roach x12  
  92  11:25  Ravager x5  
  95  11:26  Ravager  
  95  11:28  Roach x4  
  104  11:41  Overlord x2  
  104  11:42  Overlord  
  104  11:49  Overlord x3  
  104  11:59  Overlord  
  104  12:00  Roach  
  112  12:01  Roach x3  
  112  12:12  Roach x5  
  106  12:26  Hatchery  
Show
View Real Time Build Order
Export as new Build Order

Gokhan Protoss - Winner!

Build Orders: 1 Gate Expand 

Get SALT Encoding   

  12  0:01  Probe  
  13  0:13  Probe  
  14  0:20  Pylon  
  14  0:25  Probe  
  15  0:38  Probe (Chrono Boost)  
  15  0:41  Gateway  
  17  0:50  Probe (Chrono Boost)  
  17  0:55  Probe (Chrono Boost)  
  19  1:04  Probe  
  19  1:23  Nexus  
  19  1:28  Cybernetics Core  
  19  1:33  Assimilator  
  19  1:41  Pylon  
  19  1:43  Probe  
  20  1:57  Probe (Chrono Boost)  
  20  1:59  Assimilator  
  22  2:08  Probe (Chrono Boost)  
  22  2:10  Gateway  
  22  2:12  Adept  
  24  2:15  Probe  
  25  2:28  Warp Gate, Probe  
  26  2:42  Gateway  
  27  2:45  Probe (Chrono Boost)  
  27  2:49  Probe (Chrono Boost)  
  27  2:54  Assimilator, Probe (Chrono Boost)  
  27  2:58  Probe (Chrono Boost)  
  29  2:59  Probe (Chrono Boost)  
  29  3:02  Adept  
  32  3:06  Adept  
  32  3:11  Probe (Chrono Boost)  
  32  3:12  Probe (Chrono Boost)  
  36  3:21  Stargate  
  36  3:23  Probe (Chrono Boost)  
  36  3:24  Probe (Chrono Boost)  
  38  3:36  Adept x2  
  38  3:37  Probe (Chrono Boost)  
  38  3:40  Probe (Chrono Boost)  
  44  3:42  Pylon  
  44  3:48  Probe (Chrono Boost)  
  44  3:50  Probe (Chrono Boost)  
  44  3:51  Shield Battery  
  46  3:56  Robotics Facility  
  46  4:14  Probe  
  46  4:15  Oracle (Chrono Boost)  
  44  4:24  Assimilator  
  44  4:28  Forge  
  44  4:29  Probe  
  45  4:31  Gateway  
  45  4:32  Pylon  
  45  4:34  Gateway, Probe  
  45  4:35  Sentry  
  48  4:42  Immortal (Chrono Boost)  
  48  4:44  Probe  
  53  4:47  Pylon  
  53  4:56  Zealot x2, Protoss Ground Weapons Level 1 (Chrono Boost)  
  53  4:59  Probe  
  58  5:06  Twilight Council  
  58  5:12  Phoenix  
  60  5:27  Nexus  
  57  5:30  Pylon, Probe x2  
  57  5:34  Observer  
  60  5:42  Probe  
  61  5:45  Probe  
  61  5:49  Sentry  
  64  5:54  Probe  
  65  5:57  Probe  
  65  5:58  Charge  
  65  6:02  Pylon  
  66  6:06  Probe  
  66  6:09  Probe  
  68  6:16  Immortal (Chrono Boost)  
  72  6:18  Probe  
  72  6:21  Probe  
  74  6:25  Zealot x2  
  74  6:26  Zealot x2  
  74  6:29  Sentry  
  74  6:30  Probe  
  85  6:33  Probe  
  86  6:43  Probe  
  86  6:45  Probe  
  85  6:47  Stalker x4  
  85  6:53  Zealot  
  89  6:55  Probe  
  77  7:10  Zealot  
  77  7:11  Zealot x2  
  83  7:18  Oracle (Chrono Boost)  
  78  7:32  Gateway  
  78  7:41  Zealot x2  
  78  7:43  Zealot  
  78  7:54  Gateway  
  78  7:56  Photon Cannon  
  78  8:03  Probe x2  
  80  8:11  Photon Cannon  
  79  8:28  Zealot x3  
  79  8:29  Zealot  
  87  8:36  Probe  
  87  8:37  Protoss Ground Weapons Level 2 (Chrono Boost)  
  87  8:39  Photon Cannon  
  75  8:57  Zealot x2  
  75  8:58  Sentry  
  81  9:10  Probe, Zealot  
  81  9:11  Zealot  
  86  9:33  Assimilator  
  86  9:35  Assimilator  
  86  9:37  Templar Archives  
  86  9:45  Pylon  
  86  9:47  Robotics Facility  
  86  9:49  Probe x2  
  88  9:56  Pylon  
  88  9:58  Photon Cannon  
  88  10:03  Psionic Storm  
  88  10:06  Probe (Chrono Boost)  
  90  10:09  Forge  
  90  10:12  Assimilator, Probe (Chrono Boost)  
  91  10:15  Probe (Chrono Boost)  
  91  10:16  Probe (Chrono Boost)  
  92  10:22  High Templar  
  92  10:23  Zealot x2  
  101  10:28  Probe (Chrono Boost)  
  101  10:33  Probe x2 (Chrono Boost)  
  101  10:35  High Templar  
  101  10:37  Zealot  
  101  10:39  Immortal (Chrono Boost)  
  101  10:40  Archon  
  109  10:51  Zealot  
  109  10:52  Zealot  
  113  11:01  Zealot x2  
  113  11:18  Stalker x2  
  117  11:24  Pylon  
  117  11:28  Pylon  
  117  11:42  Immortal, Probe  
  117  11:45  High Templar  
  124  11:47  High Templar x3  
  124  11:48  Pylon, Zealot  
  124  11:50  Pylon  
  132  12:03  Assimilator, Probe  
  132  12:04  Pylon  
  133  12:11  Probe, Nexus  
  133  12:12  Pylon  
  118  12:32  Stalker  
Tags
 
Add a new tag
Caveats
  • Supply blocks, unpowered buildings, or Contaminate may cause inaccurate times.
  • Supply counts are checked every 10 seconds.